 Dungeon Crawl Stone Soup version 0.31-a0-1616-gbeaec30b81 (webtiles) character file.

Game seed: 7121287774700489981

1932 MisterAzrael the Changeling (level 8, -7/103 HPs)
             Began as a Purple Draconian Shapeshifter on Jan 10, 2024.
             Was a Priest of Vehumet.
             Mangled by Duvessa
             ... wielding a +0 falchion
              (10 damage)
             ... on level 6 of the Dungeon.
             The game lasted 00:09:43 (7139 turns).

MisterAzrael the Changeling (DrSh)                  Turns: 7139, Time: 00:09:43

Health: -7/103     AC: 24    Str: 19    XL:     8   Next: 97%
Magic:  20/23      EV:  2    Int: 11    God:    Vehumet [***...]
Gold:   285        SH:  5    Dex: 13    Spells: 9/15 levels left

rFire   + .          .
                       - Unarmed
rCold   + + .        (no shield)
rNeg    . . .        (body armour unavailable)
rPois   +            (helmet currently unavailable)
rElec   .            (cloak currently unavailable)
rCorr   .            (gloves currently unavailable)
SInv    .            (boots currently unavailable)
Will    +....        t - amulet of Fanaticism {Reflect rC++ MP+9 Dex+3 SH+5}
Stlth   +            u - ring of protection from cold
HPRegen 0.37/turn    y - ring of fire
MPRegen 0.18/turn

%: reflection
@: tree-form
A: stationary, stasis, torment immunity, boosted hp, (breathe power), AC +6,
unfitting armour, (cold-blooded)
a: Renounce Religion


You were on level 6 of the Dungeon.
You worshipped Vehumet.
Vehumet was most pleased with you.
You were a tree.
You visited 1 branch of the dungeon, and saw 6 of its levels.

You collected 285 gold pieces.

Inventory:

Missiles
 m - 5 boomerangs
 x - 2 throwing nets
Jewellery
 s - a ring of ice
 t - the amulet of Fanaticism (around neck) {Reflect rC++ MP+9 Dex+3 SH+5}
   (You found it on level 4 of the Dungeon)

   [amulet of reflection]

   Reflect:   It reflects blocked missile attacks.
   Dex+3:     It affects your dexterity (+3).
   rC++:      It greatly protects you from cold.
   MP+9:      It affects your magic capacity (+9).
   SH+5:      It affects your SH (+5).
 u - a ring of protection from cold (left branch)
 y - a ring of fire (right branch)
Talismans
 b - a beast talisman
 c - a flux talisman
 v - a talisman of death
Wands
 h - a wand of roots (6)
Scrolls
 d - a scroll of blinking {unknown}
 f - a scroll of brand weapon {unknown}
 g - a scroll of torment {unknown}
 i - 5 scrolls of identify
 k - a scroll of summoning {unknown}
 l - 3 scrolls of vulnerability
 n - a scroll of noise {unknown}
 o - a scroll of teleportation
 p - 2 scrolls of enchant weapon {unknown}
 r - 2 scrolls of fear {unknown}
 w - a scroll of amnesia {unknown}
Potions
 e - a potion of haste {unknown}
 j - a potion of enlightenment {unknown}
 q - 2 potions of mutation {unknown}
 z - a potion of brilliance {unknown}


   Skills:
 + Level 5.4 Fighting
 - Level 2.2 Dodging
 + Level 5.8 Unarmed Combat
 + Level 4.4 Spellcasting
 + Level 4.0 Conjurations
 * Level 7.0 Shapeshifting


You had 9 spell levels left.
You knew the following spells:

 Your Spells              Type           Power      Damage    Failure   Level
a - Foxfire               Conj/Fire      40%        2x1d6     2%          1
b - Static Discharge      Conj/Air       12%        3-4/arc   4%          2
c - Mephitic Cloud        Conj/Alch/Air  5%         N/A       11%         3

Your spell library contained the following spells:

 Spells                   Type           Power      Damage    Failure   Level


Dungeon Overview and Level Annotations

Branches:
Dungeon (6/15)             Temple (0/1) D:5

Altars:
Vehumet
Xom

Shops:
D:6 **

Annotations:
D:6 Duvessa


Innate Abilities, Weirdness & Mutations

You are a tree.
Your roots penetrate the ground, keeping you stationary.
You cannot be teleported.
You are immune to unholy pain and torment.
Your maximum health is greatly increased.
Your equipment is partially melded.
((You can breathe bolts of dispelling energy.))
((Your rich purple scales are hard. (AC +6)))
You cannot fit into any form of body armour.
((You are cold-blooded and may be slowed by cold attacks.))


Message History

Duvessa hits you with a +0 falchion!
You hit Duvessa.
Duvessa is moderately wounded.
Duvessa hits herself with a +0 falchion.
You hit Duvessa but do no damage.
Duvessa is moderately wounded.
Duvessa hits you with a +0 falchion! Duvessa hits you with a +0 falchion.
You hit Duvessa.
You tail-slap Duvessa, but do no damage.
Duvessa is moderately wounded.
Duvessa hits you with a +0 falchion!
* * * LOW HITPOINT WARNING * * *
Duvessa hits herself with a +0 falchion!
Your transformation has ended.
You turn into a tree.
Your roots penetrate the ground.
The orc wizard casts a spell at you. The magic dart hits you!
* * * LOW HITPOINT WARNING * * *
Casting: Mephitic Cloud (dangerous; 11% risk of failure)
Confirm with . or Enter, or press ? or * to list all spells.
Duvessa is struck by an arc of lightning.
Duvessa is heavily wounded.
You are struck by an arc of lightning.
Duvessa hits you with a +0 falchion!
* * * LOW HITPOINT WARNING * * *
Duvessa hits herself with a +0 falchion!
You hit Duvessa.
Duvessa is almost dead.
The orc wizard hits you but does no damage.
You cannot move.
You smack the orc wizard!
The orc wizard is almost dead.
You strike the helpless Duvessa from behind!
You hit Duvessa but do no damage.
Duvessa is almost dead.
Duvessa hits you with a +0 falchion!
* * * LOW HITPOINT WARNING * * *
The orc wizard hits you but does no damage.
A black bear comes into view.
Duvessa hits you with a +0 falchion!
You die...

## #o##.# #.....###
#.<.....# ...#.#
#!.#o# # #..#♣# ... #
#. ..#e# ...
.##.##.#.# #.#
......#.### #.# #
##.#..h...# #)#
#.....).#.# #.### #
#.###.####.# ##.#.##
##
##.###.####)....####.
#...................


You could see Duvessa (berserk, confused), a black bear (wandering) and an orc
wizard.

Vanquished Creatures
  Maggie (D:6)
  Grinder (D:6)
  3 black bears
  A centaur (D:4)
  3 phantoms
  Blork the orc (D:4)
  A scorpion (D:4)
  Dowan (D:6)
  A bombardier beetle (D:4)
  2 jellies
  2 orc priests
  3 iguanas
  3 sleepcaps
  6 orc wizards
  3 gnolls (D:5)
  5 adders
  2 white imps
  2 ufetubi
  4 dart slugs
  3 ribbon worms (D:4)
  32 orcs
  10 ball pythons
  4 bats
  5 endoplasms
  4 giant cockroaches
  6 hobgoblins
  7 jackals
  8 kobolds
  8 quokkas
  2 frilled lizards
  3 goblins
  3 rats (D:1)
140 creatures vanquished.

Vanquished Creatures (others)
  10 foxfires
10 creatures vanquished.

Grand Total: 150 creatures vanquished

Notes
Turn   | Place    | Note
-------+----------+-------------------------------------------
     0 | D:1      | MisterAzrael the Draconian Shapeshifter began the quest for
                  | the Orb.
     0 | D:1      | Reached XP level 1. HP: 16/16 MP: 1/1
   111 | D:1      | Reached XP level 2. HP: 23/23 MP: 2/2
   311 | D:1      | Reached XP level 3. HP: 29/29 MP: 3/3
  1242 | D:2      | Reached XP level 4. HP: 36/36 MP: 4/4
  1632 | D:3      | Found a shimmering altar of Xom.
  1839 | D:3      | Reached skill level 4 in Shapeshifting
  1863 | D:3      | Found a faded altar of an unknown god.
  1868 | D:3      | Prayed at the altar of an unknown god.
  1868 | D:3      | Became a worshipper of Vehumet
  1868 | D:3      | Reached * piety under Vehumet
  1868 | D:3      | Offered knowledge of Foxfire by Vehumet.
  1886 | D:3      | Learned a level 1 spell: Foxfire
  2206 | D:4      | Identified the amulet of Fanaticism {Reflect rC++ MP+9
                  | Dex+3 SH+5}
  2222 | D:4      | Reached XP level 5. HP: 28/42 MP: 5/5
  2448 | D:4      | Reached skill level 1 in Conjurations
  2452 | D:4      | Offered knowledge of Static Discharge by Vehumet.
  2459 | D:4      | Learned a level 2 spell: Static Discharge
  2548 | D:4      | Reached ** piety under Vehumet
  2562 | D:4      | Noticed a centaur
  2576 | D:4      | Killed a centaur
  2577 | D:4      | Reached skill level 1 in Spellcasting
  2577 | D:4      | Reached XP level 6. HP: 13/51 MP: 7/7
  2896 | D:4      | Noticed Blork the orc
  2901 | D:4      | Killed Blork the orc
  3240 | D:5      | Entered Level 5 of the Dungeon
  3263 | D:4      | Reached skill level 5 in Shapeshifting
  3586 | D:4      | Your scales start taking on a rich purple colour.
  3586 | D:4      | Reached XP level 7. HP: 27/58 MP: 10/10
  4342 | D:5      | Found a staircase to the Ecumenical Temple.
  5246 | D:5      | Reached skill level 5 in Unarmed Combat
  5275 | D:5      | Reached XP level 8. HP: 67/67 MP: 12/12
  5520 | D:5      | Reached skill level 6 in Shapeshifting
  5824 | D:6      | Offered knowledge of Mephitic Cloud by Vehumet.
  5920 | D:6      | Noticed Duvessa
  5923 | D:6      | Noticed Dowan
  6167 | D:6      | Found Joghiupt's Gadget Gallery.
  6230 | D:6      | Found Waonimm's Lightly-Used Armoury.
  6401 | D:6      | Reached *** piety under Vehumet
  6449 | D:6      | Noticed Maggie
  6454 | D:6      | Learned a level 3 spell: Mephitic Cloud
  6464 | D:6      | Killed Maggie
  6465 | D:6      | Reached skill level 5 in Fighting
  6798 | D:6      | Noticed Grinder
  6801 | D:6      | Paralysed by Grinder for 5 turns
  6817 | D:6      | Killed Grinder
  6818 | D:6      | Reached skill level 7 in Shapeshifting
  7101 | D:6      | Killed Dowan
  7139 | D:6      | HP: 3/103 [Duvessa/+0 falchion (7)]
  7139 | D:6      | Mangled by Duvessa

Illustrated notes

Levels and vault maps discovered:
D:1:      tarquinn_simple_flora_water_b, layout_loops_cross
D:2:      layout_loops_ring, kennysheep_generic_room_10
D:3:      layout_rooms, xom_teletrap_fun, shapermc_ecumenical_altar_hornbeckon
D:4:      layout_loops_cross, roderic_serpentine_path, uniq_blork_the_orc
D:5:      layout_rooms, minmay_temple_entry_ruins
D:6:      layout_loops_corners, minmay_shop_damaged, nicolae_shop_gadgets,
          uniq_duvessa, uniq_grinder, uniq_maggie

Skill      XL: |  1  2  3  4  5  6  7  8 |
---------------+-------------------------+-----
Dodging        | 2 |  2.2
Fighting       | 2 3 4 5 |  5.4
Shapeshifting  | 4 5 7 |  7.0
Unarmed Combat | 4 5 |  5.8
Conjurations   | 1 2 4 |  4.0
Spellcasting   | 1 2 3 4 |  4.4

Action                     |  1- 3 |  4- 6 |  7- 9 || total
---------------------------+-------+-------+-------++-------
  Melee: Unarmed           |   103 |   136 |   248 ||   487
         Tailslap          |    11 |    25 |    36 ||    72
         Punch             |     1 |     6 |     9 ||    16
  Throw: Boomerang         |       |       |     1 ||     1
   Cast: Foxfire           |       |       |     6 ||     6
         Static Discharge  |       |       |     5 ||     5
         Mephitic Cloud    |       |       |     1 ||     1
Ability: Breathe Dispellin |       |       |     5 ||     5
    Use: Potion            |       |     2 |     5 ||     7
         Scroll            |       |       |     2 ||     2
   Stab: Sleeping          |     2 |     1 |     1 ||     4
         Confused          |       |       |     1 ||     1
 Armour: Skin              |    44 |    89 |   260 ||   393
  Dodge: Dodged            |    54 |    83 |   194 ||   331
  Block: Other             |       |       |    17 ||    17

Table legend: (Time is in decaauts)
 A = Elapsed time spent in this place.
 B = Non-inter-level travel time spent in this place.
 C = Inter-level travel time spent in this place.
 D = Time resting spent in this place.
 E = Time spent auto-exploring this place.
 F = Levels seen in this place.
 G = Mean time per level.
                   A        B        C        D        E       F      G
               +--------+--------+--------+--------+--------+-----+--------+
         Total |   7116 |   7002 |    114 |   2731 |   3154 |   6 | 1186.0 |
       Dungeon |   7116 |   7002 |    114 |   2731 |   3154 |   6 | 1186.0 |
               +--------+--------+--------+--------+--------+-----+--------+

Top non-repeatable levels by time:
     D:4: 2350 daAuts
     D:5: 1427 daAuts
     D:6: 1320 daAuts
     D:2: 792 daAuts
     D:1: 682 daAuts
     D:3: 543 daAuts
